 Dungeon Crawl Stone Soup version 0.18.1-48-g4cf74bf (webtiles) character file.

88 vishdafish the Ducker (level 4, 0/45 HPs)
             Began as a Troll Berserker on July 27, 2016.
             Was a Believer of Trog.
             Slain by Natasha (6 damage)
             ... on level 3 of the Dungeon.
             The game lasted 00:10:57 (971 turns).

vishdafish the Ducker (Troll Berserker)              Turns: 971, Time: 00:10:58

Health: 0/45       AC:  6    Str: 26    XL:     4   Next: 30%
Magic:  3/3        EV: 13    Int:  3    God:    Trog [**....]
Gold:   75         SH:  0    Dex:  9    Spells: 0 memorised, 3 levels left

rFire  . . .     SeeInvis .     k - -3 mace (curse)
rCold  . . .     Gourm    +     b - +1 animal skin
rNeg   . . .     Faith    .     (no shield)
rPois  .         Spirit   .     (helmet restricted)
rElec  .         Dismiss  .     (no cloak)
rCorr  .         Reflect  .     (gloves unavailable)
SustAt .         Harm     .     (boots unavailable)
MR     ++...     Rnd*Tele +     (no amulet)
Stlth  +.........               h - +3 ring of evasion
                                i - ring of teleportation (curse)

@: exhausted, regenerating, slowed, very slow, very resistant to hostile
enchantments, very unstealthy
A: unfitting armour, claws 3, fast metabolism 3, gourmand, regeneration 2,
shaggy fur 1, tough skin 2
a: Berserk, Trog's Hand, Burn Spellbooks, Renounce Religion


You were on level 3 of the Dungeon.
You worshipped Trog.
Trog was pleased with you.
You were very full.

You visited 1 branch of the dungeon, and saw 3 of its levels.

You collected 75 gold pieces.

Inventory:

Hand Weapons
 a - a +0 mace
 k - a cursed -3 mace (weapon)
 m - a +0 dagger of venom
 p - a +2 dagger of holy wrath
 q - a +0 short sword
 t - a +0 dagger
Armour
 b - a +1 animal skin (worn)
 d - a +0 chain mail
 r - a +0 leather armour
Jewellery
 g - an uncursed ring of sustain attributes
 h - a +3 ring of evasion (right claw)
 i - a cursed ring of teleportation (left claw)
Wands
 e - a wand of confusion (48/48)
Potions
 n - a potion of degeneration {unknown}
Comestibles
 c - a bread ration
 j - a slice of pizza
 o - 3 chunks of flesh
 s - a meat ration


   Skills:
 + Level 3.0 Fighting
 + Level 3.2 Maces & Flails
 + Level 3.3 Dodging
 + Level 0.3 Stealth


You had 3 spell levels left.
You didn't know any spells.

Dungeon Overview and Level Annotations

Branches:
Dungeon (3/15)

Altars:
Xom

Annotations:
D:3 Grinder, Natasha


Innate Abilities, Weirdness & Mutations

You are too large for most types of armour.
You have claws for hands.
Your metabolism is lightning-fast.
You like to eat raw meat.
You heal very quickly.
You are covered in fur (AC +1).
You have very tough skin (AC +2).


Message History

The rat closely misses you. Natasha misses you.
The hobgoblin barely misses you. The rat bites you but does no damage.
Natasha closely misses you.
You hit Natasha but do no damage.
Natasha is heavily wounded.
The hobgoblin hits you but does no damage.
The crimson imp barely misses you. The rat barely misses you.
Natasha claws you!
* * * LOW HITPOINT WARNING * * *
The crimson imp closely misses you. The hobgoblin closely misses you.
The rat bites you.
* * * LOW HITPOINT WARNING * * *
You barely miss Natasha.
Natasha is heavily wounded.
Natasha closely misses you. The crimson imp closely misses you.
The hobgoblin hits you but does no damage.
The rat bites you.
* * * LOW HITPOINT WARNING * * *
Natasha claws you.
You die...

#### ## ... .#
..# . ..#. .
..##
....###hg###...
......5@r......
...##...###....
###.# . .. ...
. ##. .## ..
..# .# ###.# ##
#...#


You could see Natasha, a crimson imp, a hobgoblin and a rat.

Vanquished Creatures
  3 adders (D:2)
  An ooze (D:1)
  A dart slug (D:1)
  A worm (D:2)
  4 giant geckos
  3 bats
  8 goblins
  4 hobgoblins (D:1)
  8 jackals
  4 kobolds
  A quokka (D:2)
  A giant newt (D:2)
  4 rats
43 creatures vanquished.

Notes
Turn   | Place    | Note
--------------------------------------------------------------
     0 | D:1      | vishdafish the Troll Berserker began the quest for the Orb.
     0 | D:1      | Reached XP level 1. HP: 22/22 MP: 0/0
   111 | D:2      | Reached XP level 2. HP: 7/29 MP: 1/1
   528 | D:1      | Found a shimmering altar of Xom.
   574 | D:1      | Reached XP level 3. HP: 36/36 MP: 2/2
   700 | D:2      | Reached ** piety under Trog
   853 | D:2      | Reached XP level 4. HP: 38/45 MP: 3/3
   925 | D:3      | Noticed Grinder
   955 | D:3      | Paralysed by Grinder for 2 turns
   959 | D:3      | Noticed Natasha
   971 | D:3      | Slain by Natasha

Skill      XL: |  1  2  3 |
---------------+----------+-----
Maces & Flails | 3 |  3.2
Dodging        | 3 |  3.3
Fighting       | 3 |  3.0
Stealth        | |  0.3

Action                   |  1- 3 |  4- 6 || total
-------------------------+-------+-------++-------
Melee: Mace              |   145 |    49 ||   194
Invok: Berserk           |       |     1 ||     1
       Trog's Hand       |       |     1 ||     1
  Use: Scroll            |     6 |     1 ||     7
       Potion            |     3 |       ||     3
 Stab: Sleeping          |     1 |       ||     1
  Eat: Chunk             |     9 |     1 ||    10
       Bread ration      |     1 |       ||     1
Armor: Animal skin       |    75 |    36 ||   111
Dodge: Dodged            |   161 |    84 ||   245
